 Dungeon Crawl Stone Soup version 0.31-a0-876-gfe8ebadbca (webtiles) character file.

Game seed: 10400242221030560862

3479 greenreed the Destroyer (level 10, -8/63 HPs)
             Began as a Barachi Conjurer on Oct 13, 2023.
             Was an Initiate of Vehumet.
             Mangled by Grum
             ... wielding a -2 spear of pain
              (10 damage)
             ... on level 8 of the Dungeon.
             The game lasted 00:22:52 (9568 turns).

greenreed the Destroyer (Barachi Conjurer)          Turns: 9568, Time: 00:22:54

Health: -8/63      AC:  6    Str:  9    XL:     10   Next: 7%
Magic:  5/22       EV: 14    Int: 25    God:    Vehumet [......]
Gold:   160        SH:  0    Dex: 10    Spells: 16/26 levels left

rFire   . . .        t - +0 mace "Lifebane" {protect, Int+2}
rCold   . . .        (no shield)
rNeg    . . .        a - +0 robe
rPois   .            D - +0 helmet
rElec   .            (no cloak)
rCorr   .            (no gloves)
SInv    .            k - +2 pair of boots
Will    +....        (no amulet)
Stlth   ++           E - ring of willpower
HPRegen 0.30/turn    G - ring of wizardry
MPRegen 0.18/turn

%: wizardry (x1)
@: unable to hop, slow
A: amphibious, slowness 1, strong legs 1, +LOS
a: Hop, Renounce Religion


You were on level 8 of the Dungeon.
You worshipped Vehumet.
Vehumet was noncommittal.
You visited 2 branches of the dungeon, and saw 9 of its levels.

You collected 652 gold pieces.
You spent 492 gold pieces at shops.

Inventory:

Hand Weapons
 t - the +0 mace "Lifebane" (weapon) {protect, Int+2}
   (You found it on level 3 of the Dungeon)

   Int+2:     It affects your intelligence (+2).
Armour
 a - a +0 robe (worn)
 k - a +2 pair of boots (worn)
 p - the +0 ring mail "Wyicag" {rCorr SInv}
   (You found it on level 2 of the Dungeon)

   SInv:      It lets you see invisible.
   rCorr:     It protects you from acid and corrosion.
 D - a +0 helmet (worn)
Magical Staves
 m - a staff of cold
 C - a staff of air
Jewellery
 z - a ring of fire
 E - a ring of willpower (left hand)
 G - a ring of wizardry (right hand)
Wands
 d - a wand of polymorph (8)
 q - a wand of flame (16)
 y - a wand of light (1)
 F - a wand of roots (7)
 I - a wand of charming (8)
Scrolls
 c - 8 scrolls of identify {unknown}
 e - 4 scrolls of revelation {unknown}
 f - 7 scrolls of teleportation
 g - 2 scrolls of noise {unknown}
 i - a scroll of fog {unknown}
 n - a scroll of brand weapon {unknown}
 r - 2 scrolls of enchant armour {unknown}
 v - 3 scrolls of poison {unknown}
 w - 3 scrolls of silence {unknown}
 x - a scroll of immolation {unknown}
 A - 2 scrolls of enchant weapon {unknown}
 H - a scroll of vulnerability {unknown}
 J - a scroll of butterflies {unknown}
Potions
 b - a potion of magic
 h - a potion of lignification {unknown}
 j - 4 potions of curing {unknown}
 l - a potion of enlightenment {unknown}
 o - 4 potions of attraction {unknown}
 s - 3 potions of brilliance {unknown}
 u - a potion of might {unknown}
 B - 2 potions of resistance {unknown}


   Skills:
 + Level 7.3 Dodging
 - Level 3.4 Stealth
 * Level 8.9 Spellcasting
 * Level 10.3 Conjurations


You had 16 spell levels left.
You knew the following spells:

 Your Spells              Type           Power      Damage    Failure   Level
a - Magic Dart            Conj           100%       1d8       1%          1
b - Searing Ray           Conj           100%       2d8       1%          2
c - Dazzling Flash        Conj/Hex       74%        N/A       1%          3
d - Fulminant Prism       Conj/Hex       18%        3d10      2%          4

Your spell library contained the following spells:

 Spells                   Type           Power      Damage    Failure   Level
 Apportation              Tloc           22%        N/A       2%          1
 Necrotise                Necr           44%        1d6       2%          1
 Summon Small Mammal      Summ           44%        N/A       2%          1
 Iskenderun's Mystic Bla  Conj/Tloc      37%        2d9       2%          4
 Call Canine Familiar     Summ           11%        N/A       7%          3
 Sigil of Binding         Hex            11%        N/A       7%          3
 Volatile Blastmotes      Fire/Tloc      22%        2d11      7%          3
 Dimensional Bullseye     Hex/Tloc       5%         N/A       22%         4
 Leda's Liquefaction      Hex/Erth       5%         N/A       22%         4
 Starburst                Conj/Fire      18%        6d7       36%         6
 Haunt                    Necr/Summ      5%         N/A       100%        7
 Borgnjor's Revivificati  Necr           5%         N/A       100%        8
 Maxwell's Capacitive Co  Air            5%         ∞         100%        8
 Death's Door             Necr           5%         N/A       100%        9


Dungeon Overview and Level Annotations

Branches:
Dungeon (8/15)             Temple (1/1) D:6
   Lair: D:8-11

Altars:
Cheibriados
Dithmenos
Elyvilon
Fedhas
Gozag
Hepliaklqana
Makhleb
Nemelex Xobeh
Okawaru
Qazlal
Ru
Trog
Uskayaw
Vehumet
Xom
Yredelemnul
Zin
The Shining One

Shops:
D:2 [   D:6 (   D:7 ==?=(

Annotations:
D:2 1 runed translucent door, Crazy Yiuf
D:7 2 runed translucent doors
D:8 Grum


Innate Abilities, Weirdness & Mutations

You are amphibious.
You cover ground slowly.
You can hop short distances.
You have an extended range of vision and can be seen from far away.


Message History

(Press . to maintain the ray.)
The wolf barely misses you. The wolf bites you but does no damage.
The searing ray hits the wolf.
The wolf is severely wounded.
The searing ray hits Grum.
Grum is heavily wounded.
The wolf bites you. Grum hits you but does no damage.
The wolf bites you but does no damage.
The searing ray hits the wolf!
You kill the wolf!
Vehumet accepts your kill.
The searing ray misses Grum.
Grum hits you from afar with a -2 spear of pain!
You writhe in agony.
The searing ray hits Grum!
Grum is severely wounded.
You finish channelling your searing ray.
Grum closely misses you. Grum attacks as he pursues you!
Grum closely misses you. Grum barely misses you.
Grum attacks as he pursues you!
Grum hits you from afar with a -2 spear of pain.
You are too injured to fight recklessly!
Grum attacks as he pursues you!
Grum hits you from afar with a -2 spear of pain.
You writhe in agony.
* * * LOW HITPOINT WARNING * * *
Grum closely misses you. Grum attacks as he pursues you!
Grum hits you from afar with a -2 spear of pain!
* * * LOW HITPOINT WARNING * * *
Hop to where?
Press: ? - help, Dir - move target, p - Grum Boing!
Grum attacks as he pursues you!
Grum hits you from afar with a -2 spear of pain!
* * * LOW HITPOINT WARNING * * *
There is a stone staircase leading up here.
Grum hits you from afar with a -2 spear of pain!
You die...

.......................>..(.#
#.[..##.....#..#..#.###.###.###
##...########............##...#
##...# . .....##.#.#...##.##.#
.....# .# ####.......#.....##.###
###..##.# ####.#.....##.##.#..
.##.....# #....##.#..##.##.#.#
.###..########.#####.#g.##.##.#.#
.####..#........@.g..#..##.##.#.#
................######..##.##.#.#
.######.........# #h.##.#....#
................# #..##.#....#
.##.####........# #..##.......
###.####........# #..####..###
.......###..##### #........#
...(...###..##### ##.#.....#
................# ###.#..##.#


You could see Grum.

Vanquished Creatures
  A deep elf pyromancer (D:7)
  Prince Ribbit (D:6)
  Sigmund (D:3)
  The ghost of lessens the Insei, an amateur DsFi of Qazlal (D:4)
  3 water moccasins
  An orc warrior (D:8)
  2 ice beasts
  A black bear (D:7)
  3 ogres
  A wolf (D:8)
  2 centaurs
  4 bullfrogs
  3 gnoll sergeants
  A wight (D:8)
  2 howler monkeys (D:8)
  6 hounds
  4 jellies
  An iron imp (D:5)
  Jessica (D:2)
  A sleepcap (D:7)
  Terence (D:3)
  2 iguanas (D:5)
  Natasha (twice) (D:2)
  2 orc wizards
  15 gnolls
  3 adders
  2 shadow imps (D:7)
  2 white imps
  5 ufetubi
  A dart slug (D:1)
  3 worms
  10 orcs
  4 endoplasms
  2 giant cockroaches (D:4)
  2 goblins
  6 hobgoblins
  4 jackals (D:3)
  7 kobolds
  4 quokkas
  5 ball pythons
  4 bats
  6 frilled lizards
  7 rats
139 creatures vanquished.

Vanquished Creatures (others)
  10 fulminant prisms
10 creatures vanquished.

Grand Total: 149 creatures vanquished

Notes
Turn   | Place    | Note
-------+----------+-------------------------------------------
     0 | D:1      | greenreed the Barachi Conjurer began the quest for the Orb.
     0 | D:1      | Reached XP level 1. HP: 13/13 MP: 3/3
   198 | D:1      | Reached XP level 2. HP: 19/19 MP: 3/5
   866 | D:2      | Reached XP level 3. HP: 21/24 MP: 1/6
  1159 | D:2      | Found a shimmering altar of Xom.
  1222 | D:2      | Noticed Jessica
  1229 | D:2      | Killed Jessica
  1230 | D:2      | Reached XP level 4. HP: 30/30 MP: 0/8
  1538 | D:2      | Found a runed translucent door.
  1539 | D:2      | Noticed Crazy Yiuf
  1625 | D:2      | Noticed Natasha
  1635 | D:2      | Killed Natasha
  1707 | D:2      | Found Hapy's Armour Shoppe.
  1829 | D:2      | Identified the +0 ring mail "Wyicag" {rCorr SInv}
  1951 | D:2      | Noticed Natasha
  1963 | D:2      | Killed Natasha
  1964 | D:2      | Reached skill level 5 in Conjurations
  2036 | D:2      | Learned a level 2 spell: Searing Ray
  2267 | D:3      | Noticed Sigmund
  2347 | D:3      | Killed Sigmund
  2348 | D:3      | Reached XP level 5. HP: 35/35 MP: 1/10
  2348 | D:3      | Reached XP level 6. HP: 41/41 MP: 1/11
  3076 | D:3      | Identified the +0 mace "Lifebane" {protect, Int+2}
  3128 | D:3      | Noticed Terence
  3133 | D:3      | Killed Terence
  3590 | D:4      | Found a runed translucent gate.
  3590 | D:4      | Found a runed translucent gate.
  3591 | D:4      | Found a runed translucent gate.
  3598 | D:4      | Noticed lessens's ghost (amateur DsFi)
  4435 | D:4      | Killed lessens's ghost
  4436 | D:4      | Reached skill level 6 in Conjurations
  4436 | D:4      | Reached XP level 7. HP: 20/46 MP: 1/13
  4589 | D:5      | Entered Level 5 of the Dungeon
  4794 | D:5      | Found a bloodstained altar of Trog.
  4889 | D:5      | Found a snail-covered altar of Cheibriados.
  4914 | D:5      | Reached skill level 5 in Spellcasting
  5155 | D:5      | Reached skill level 5 in Dodging
  5155 | D:5      | Reached skill level 7 in Conjurations
  5155 | D:5      | Reached XP level 8. HP: 52/52 MP: 2/16
  6120 | D:6      | Reached skill level 8 in Conjurations
  6393 | D:6      | Found a staircase to the Ecumenical Temple.
  6476 | Temple   | Entered the Ecumenical Temple
  6720 | D:6      | Noticed Prince Ribbit
  6733 | D:6      | Killed Prince Ribbit
  6797 | D:6      | Reached XP level 9. HP: 50/57 MP: 11/19
  6975 | D:6      | Found Dothuis's Weapon Emporium.
  7332 | D:7      | Found an opulent altar of Gozag.
  7528 | D:7      | Found a runed translucent door.
  7528 | D:7      | Noticed a green ugly thing
  7529 | D:7      | Found a runed translucent door.
  7703 | D:7      | Found Vublytem's Jewellery Shop.
  7774 | D:7      | Learned a level 3 spell: Dazzling Flash
  7779 | D:7      | Learned a level 4 spell: Fulminant Prism
  7779 | D:7      | Bought a ring of wizardry for 450 gold pieces
  7809 | D:7      | Found Tirhayse's Jewellery Shop.
  7927 | D:7      | Noticed a deep elf pyromancer
  7938 | D:7      | Killed a deep elf pyromancer
  7939 | D:7      | Reached skill level 9 in Conjurations
  8006 | D:7      | Found a sparkling altar of Nemelex Xobeh.
  8168 | D:7      | Found Etiuma Celij's Antique Weapon Shop.
  8397 | D:7      | Found Fouse's Magic Scroll Emporium.
  8402 | D:7      | Bought a scroll of teleportation for 42 gold pieces
  8583 | D:7      | Found Acas's Jewellery Shop.
  8930 | D:8      | Found an iron altar of Okawaru.
  8930 | D:8      | Found a radiant altar of Vehumet.
  8938 | D:8      | Became a worshipper of Vehumet
  8990 | D:8      | Noticed a boulder beetle
  9247 | D:8      | Reached skill level 10 in Conjurations
  9395 | D:8      | Found a blossoming altar of Fedhas.
  9520 | D:8      | Reached XP level 10. HP: 63/63 MP: 12/22
  9533 | D:8      | Noticed Grum
  9566 | D:8      | HP: 1/63 [Grum/-2 spear of pain (9)]
  9568 | D:8      | Mangled by Grum

Illustrated notes

Levels and vault maps discovered:
D:1:      spicycebolla_green_bress_n_ham_2, layout_rooms, roderic_filled_cross,
          minmay_shallow_snake_nest
D:2:      layout_basic, serial_shops, shop, basic_altar, dk_noncrumbling_4,
          minmay_split_cup_small, uniq_jessica, uniq_natasha,
          uniq_crazy_yiuf_cottage
D:3:      layout_basic, cheibrodos_gnoll_hut, uniq_terence, uniq_sigmund
D:4:      layout_basic, gammafunk_ghost_split
D:5:      layout_gridville, mainiacjoe_overflow_boulevard, chei_slow_surprise,
          kennysheep_potato
D:6:      layout_layer_cave, minmay_temple_entry_grid, serial_shops, shop,
          uniq_prince_ribbit1
D:7:      minmay_the_grid_triangle_9x9_rhombus_full
          [minmay_the_grid_triangle_9x9_odd_lines,
          minmay_the_grid_triangle_9x9_minimal,
          minmay_the_grid_triangle_9x9_pentomino_pain,
          minmay_the_grid_triangle_9x9_tough_junction,
          minmay_the_grid_triangle_9x9_corruption,
          minmay_the_grid_triangle_9x9_impossible_snake,
          minmay_the_grid_triangle_9x9_dagger,
          minmay_the_grid_triangle_9x9_prize_center], layout_cave_pools,
          lemuel_crystal_altar, amcnicky_altar_gilded, serial_shops,
          kennysheep_mini_moat, nicolae_shop_peninsula, shop, shop,
          nicolae_stop_n_shop_1, reono_crystal_passage
D:8:      layout_basic, fedhas_altar_4, pdpol_wu_jian_five_deadly_venoms,
          jmf_multi_god_temple, serial_glass, glass_columns_a, glass_columns_a,
          uniq_grum
Temple:   eino_wide_crystal_templ

Skill      XL: |  1  2  3  4  5  6  7  8  9 |
---------------+----------------------------+-----
Stealth        | 2 3 |  3.4
Dodging        | 3 4 5 7 |  7.3
Spellcasting   | 3 4 5 7 8 |  8.9
Conjurations   | 5 6 7 8 10 | 10.3

Action                     |  1- 3 |  4- 6 |  7- 9 | 10-12 || total
---------------------------+-------+-------+-------+-------++-------
  Melee: Spear             |     2 |       |       |       ||     2
   Cast: Magic Dart        |    59 |    82 |   161 |     4 ||   306
         Searing Ray       |       |     8 |    42 |     1 ||    51
         Fulminant Prism   |       |       |     8 |     2 ||    10
         Dazzling Flash    |       |       |     2 |       ||     2
Ability: Hop               |     1 |       |     2 |     1 ||     4
  Evoke: Wand              |       |     6 |     6 |       ||    12
 Armour: Robe              |     5 |    26 |    27 |    13 ||    71
  Dodge: Dodged            |     6 |    21 |    36 |    11 ||    74

Table legend: (Time is in decaauts)
 A = Elapsed time spent in this place.
 B = Non-inter-level travel time spent in this place.
 C = Inter-level travel time spent in this place.
 D = Time resting spent in this place.
 E = Time spent auto-exploring this place.
 F = Levels seen in this place.
 G = Mean time per level.
                   A        B        C        D        E       F      G
               +--------+--------+--------+--------+--------+-----+--------+
         Total |  10657 |  10077 |    580 |    540 |   8429 |   9 | 1184.1 |
       Dungeon |  10641 |  10066 |    575 |    540 |   8429 |   8 | 1330.1 |
        Temple |     16 |     12 |      4 |      0 |      0 |   1 |   16.0 |
               +--------+--------+--------+--------+--------+-----+--------+

Top non-repeatable levels by time:
     D:6: 1675 daAuts
     D:2: 1656 daAuts
     D:5: 1579 daAuts
     D:7: 1475 daAuts
     D:3: 1323 daAuts
     D:4: 1240 daAuts
     D:1: 923 daAuts
     D:8: 767 daAuts
  Temple: 16 daAuts
